 Dungeon Crawl Stone Soup version 0.30.1 (webtiles) character file.

Game seed: 16920710697381354830

2608 spardeous the Geomancer (level 9, -9/40 HPs)
             Began as a Felid Earth Elementalist on July 12, 2023.
             Mangled by an orc warrior
             ... wielding a +0 mace
             ... led by an orc knight
              (21 damage)
             ... on level 7 of the Dungeon.
             The game lasted 00:15:25 (6663 turns).

spardeous the Geomancer (Felid Earth Elementalist)  Turns: 6663, Time: 00:15:26

Health: -9/40      AC:  2    Str:  4    XL:     9   Next: 34%
Magic:  11/17      EV: 18    Int: 21    God:
Gold:   235        SH:  0    Dex: 16    Spells: 10/18 levels left
                                        Lives:  0   Deaths: 2

rFire   . . .        (weapon unavailable)
rCold   . . .        (shield unavailable)
rNeg    . . .        (body armour unavailable)
rPois   .            (helmet unavailable)
rElec   .            (cloak unavailable)
rCorr   .            (gloves unavailable)
SInv    +            (boots unavailable)
Will    ++...        (no amulet)
Stlth   ++           i - ring of willpower
HPRegen 0.26/turn    (no ring)
MPRegen 0.15/turn

%: no passive effects
@: quick
A: very small, claws 1, fangs 3, see invisible, speed 1, shaggy fur 2, stealthy
paws, no weapons or thrown items, no armour, multi-lived
a: no special abilities


You were on level 7 of the Dungeon.
You visited 2 branches of the dungeon, and saw 8 of its levels.
You also visited: Sewer.

You collected 235 gold pieces.

Inventory:

Jewellery
 i - a ring of willpower (left paw)
Wands
 k - a wand of charming (6)
 q - a wand of roots (3)
 u - a wand of flame (17)
 v - a wand of digging (6)
Scrolls
 c - a scroll of vulnerability {unknown}
 d - a scroll of identify {unknown}
 f - a scroll of immolation
 m - a scroll of enchant armour {unknown}
 o - a scroll of magic mapping {unknown}
 p - a scroll of summoning {unknown}
 t - a scroll of fear
 w - a scroll of amnesia {unknown}
Potions
 a - 2 potions of magic
 b - 2 potions of curing
 e - 3 potions of haste {unknown}
 g - a potion of invisibility {unknown}
 h - a potion of might {unknown}
 j - a potion of attraction {unknown}
 l - a potion of lignification {unknown}
 n - a potion of degeneration {unknown}
 r - a potion of cancellation {unknown}
 s - 2 potions of mutation {unknown}


   Skills:
 - Level 4.8 Fighting
 - Level 4.0 Dodging
 - Level 2.6 Stealth
 - Level 5.0 Spellcasting
 - Level 4.7 Conjurations
 - Level 1.1 Transmutations
 + Level 9.8 Earth Magic


You had 10 spell levels left.
You knew the following spells:

 Your Spells              Type           Power      Damage    Failure   Level
a - Sandblast             Erth           92%        2d19      1%          1
b - Stone Arrow           Conj/Erth      70%        3d11      1%          3
c - Petrify               Tmut/Erth      28%        N/A       12%         4

Your spell library contained the following spells:

 Spells                   Type           Power      Damage    Failure   Level
 Passwall                 Tmut/Erth      23%        N/A       1%          2
 Apportation              Tloc           10%        N/A       11%         1
 Necrotise                Necr           20%        1d5       11%         1
 Summon Small Mammal      Summ           20%        N/A       11%         1
 Vampiric Draining        Necr           5%         2d6       32%         3
 Agony                    Necr           5%         N/A       96%         5


Dungeon Overview and Level Annotations

Branches:
Dungeon (7/15)             Temple (1/1) D:7           Sewer (visited)

Altars:
Ashenzari
Dithmenos
Elyvilon
Fedhas
Hepliaklqana
Makhleb
Okawaru
Qazlal
Sif Muna
Uskayaw
Wu Jian
Xom
Yredelemnul
Zin

Shops:
D:7 =

Annotations:
D:4 1 runed translucent door


Innate Abilities, Weirdness & Mutations

You have sharp claws.
You have razor-sharp teeth.
You have supernaturally acute eyesight. (SInv)
You cover ground quickly. (Speed+)
You are covered in thick fur. (AC +2)
Your paws help you pounce on unaware monsters.
You are incapable of wielding weapons or throwing items.
You cannot wear armour.
You gain extra lives every three experience levels.


Message History

Press: ? - help, Shift-Dir - straight line, f/p - warg
Aim: a warg (severely wounded, 67% to hit)
The stone arrow hits the warg!!
You kill the warg!
You start resting.
An orc knight is nearby!
Things that are here:
a +2 heavy great sword; a +0 robe You start resting.
An orc knight is nearby!
There is an open door here.
Casting: Stone Arrow (safe; 1% risk of failure)
Confirm with . or Enter, or press ? or * to list all spells.
Okay, then.
Casting: Stone Arrow (safe; 1% risk of failure)
Confirm with . or Enter, or press ? or * to list all spells.
The spell is quite dangerous to miscast (12% risk of failure)!
Continue anyway?
Okay, then.
Casting: Petrify (quite dangerous; 12% risk of failure)
Confirm with . or Enter, or press ? or * to list all spells.
Aiming: Sandblast (safe; 1% risk of failure)
Press: ? - help, Shift-Dir - straight line, f - orc knight
Aim: an orc knight, wielding a +0 great mace and wearing a +0 chain mail (83% to hit)
The blast of sand hits the orc knight!
The orc knight is lightly wounded.
Casting: Sandblast (safe; 1% risk of failure)
Confirm with . or Enter, or press ? or * to list all spells.
Aiming: Sandblast (safe; 1% risk of failure)
Press: ? - help, Shift-Dir - straight line, f/p - orc knight
Aim: an orc knight, wielding a +0 great mace and wearing a +0 chain mail (lightly wounded, 83% to hit)
The blast of sand hits the orc knight!
The orc knight is heavily wounded.
The orc knight roars a battlecry!
The orc warrior shouts!
The orc knight hits you with a +0 great mace!!
The orc knight hits you with a +0 great mace!
* * * LOW HITPOINT WARNING * * *
The orc warrior hits you with a +0 mace!!
Ouch! That really hurt!
You die...

.....#########.o.........#
........)...#.....<......#
.........>..#............#
............#....^.......#
.....##.....####'##.##..####
.....##.....###..#######...#
..............#......#....##
..............#o.....#....#
..............#.@....#....#
..............#.o....#....#
.....##..<....#......#....##
.....##.....###..##.##.....#
....<##.....##########..####
............#............#
............#............#
............#............#
.....##.....###'#####.†.####


You could see an orc knight and an orc warrior (strong).

Vanquished Creatures
  A manticore (D:7)
  An unseen horror (D:7)
  Prince Ribbit (D:7)
  A steam dragon (D:6)
  Edmund (D:5)
  A warg (D:7)
  A water moccasin (D:6)
  2 black bears
  An ice beast (D:7)
  2 ogres
  A centaur (D:5)
  A phantom (D:4)
  A gnoll sergeant (D:6)
  A kobold brigand (Sewer)
  3 scorpions
  5 wights (D:7)
  A howler monkey (D:5)
  2 jellies
  3 hounds
  An orc priest (D:6)
  7 iguanas
  An orc wizard (D:5)
  Ijyb (D:5)
  6 gnolls
  8 adders
  5 river rats
  2 shadow imps
  3 white imps
  An ufetubus (D:7)
  A worm (D:5)
  A dart slug (D:4)
  14 orcs
  13 ball pythons
  A bat (D:2)
  4 endoplasms
  2 giant cockroaches (D:3)
  3 hobgoblins
  17 kobolds (Sewer)
  4 quokkas
  A frilled lizard (Sewer)
  2 goblins
  A goblin zombie (D:4)
  A jackal skeleton (D:4)
  24 rats
154 creatures vanquished.

Notes
Turn   | Place    | Note
-------+----------+-------------------------------------------
     0 | D:1      | spardeous the Felid Earth Elementalist began the quest for
                  | the Orb.
     0 | D:1      | Reached XP level 1. HP: 7/7 MP: 4/4
   194 | D:1      | Reached skill level 3 in Earth Magic
   281 | D:2      | Reached XP level 2. HP: 11/11 MP: 0/6
   373 | D:3      | Found a glowing drain.
   569 | Sewer    | Entered a sewer
   646 | Sewer    | Reached XP level 3. HP: 14/14 MP: 4/7
  1046 | Sewer    | Reached skill level 4 in Earth Magic
  1046 | Sewer    | Reached XP level 4. HP: 18/18 MP: 6/8
  1084 | Sewer    | Learned a level 3 spell: Stone Arrow
  1380 | Sewer    | Noticed a kobold brigand
  1394 | Sewer    | Killed a kobold brigand
  1395 | Sewer    | Reached skill level 5 in Earth Magic
  1395 | Sewer    | Reached XP level 5. HP: 8/21 MP: 2/9
  2007 | D:4      | Found an ornate altar of the Wu Jian Council.
  2078 | D:4      | Found a runed translucent door.
  2078 | D:4      | Noticed a human
  2150 | D:4      | Found a basalt altar of Yredelemnul.
  2344 | D:4      | Found a white marble altar of Elyvilon.
  2427 | D:4      | Noticed a phantom
  2479 | D:4      | Killed a phantom
  2480 | D:4      | Reached skill level 1 in Conjurations
  2480 | D:4      | Gained mutation: You are covered in thick fur. (AC +2)
                  | [Felid growth]
  2480 | D:4      | Reached XP level 6. HP: 24/24 MP: 5/10
  2955 | D:4      | Found a shimmering blue altar of Sif Muna.
  3179 | D:5      | Entered Level 5 of the Dungeon
  3329 | D:5      | Noticed Ijyb
  3484 | D:5      | Reached skill level 1 in Fighting
  3484 | D:5      | Reached XP level 7. HP: 18/28 MP: 3/11
  3485 | D:5      | Killed by an exploding hound... ignited by their inner
                  | flame
  3486 | D:5      | Reached XP level 6. HP: -33/25 MP: 3/10
  3790 | D:5      | Killed Ijyb
  3791 | D:5      | Reached XP level 7. HP: 14/30 MP: 8/13
  4260 | D:5      | Noticed Edmund
  4318 | D:5      | Killed Edmund
  4521 | D:6      | Noticed a steam dragon
  4535 | D:6      | Killed from afar by a steam dragon
  4536 | D:6      | Reached XP level 6. HP: -5/28 MP: 0/13
  4579 | D:6      | Found a stormy altar of Qazlal.
  4586 | D:6      | Reached XP level 7. HP: 29/32 MP: 7/14
  4979 | D:6      | Reached skill level 5 in Spellcasting
  5155 | D:6      | Killed a steam dragon
  5156 | D:6      | Reached skill level 6 in Earth Magic
  5208 | D:6      | Reached XP level 8. HP: 35/36 MP: 6/16
  5484 | D:7      | Found a staircase to the Ecumenical Temple.
  5511 | Temple   | Entered the Ecumenical Temple
  5713 | D:7      | Found Utuciduu's Jewellery Shoppe.
  5787 | D:7      | Noticed Prince Ribbit
  5790 | D:7      | Killed Prince Ribbit
  5791 | D:7      | Reached skill level 7 in Earth Magic
  6217 | D:7      | Reached skill level 8 in Earth Magic
  6402 | D:7      | Noticed a manticore
  6407 | D:7      | Noticed a boulder beetle
  6407 | D:7      | Noticed an unseen horror
  6412 | D:7      | Killed a manticore
  6413 | D:7      | Reached skill level 9 in Earth Magic
  6413 | D:7      | Reached XP level 9. HP: 13/40 MP: 4/17
  6413 | D:7      | Noticed a boulder beetle
  6420 | D:7      | Killed an unseen horror
  6466 | D:7      | Learned a level 4 spell: Petrify
  6604 | D:7      | Noticed an orc knight
  6663 | D:7      | Mangled by an orc warrior

Illustrated notes

Levels and vault maps discovered:
D:1:      wander_arrival_estate, layout_loops_ring
D:2:      layout_basic, shapermc_ecumenical_altar_petra,
          kennysheep_big_empty_room
D:3:      layout_basic, nicolae_vehumet_altar_sigil,
          mainiacjoe_overflow_divided_tiny, portal_sewer_entry_c,
          chequers_garden, minmay_hedge_maze
D:4:      layout_basic, elyvilon_altar_4, mainiacjoe_overflow_brackets,
          dk_yredelemnul_ordeal, nicolae_sif_muna_little_library
D:5:      layout_loops_ring, uniq_edmund, uniq_ijyb
D:6:      layout_rooms, mainiacjoe_overflow_paths,
          nicolae_overflow_hidden_temple
D:7:      layout_gridville, minmay_temple_entry_offerings, serial_shops,
          nicolae_shop_tiny_glass, minmay_the_grid_2x2 [minmay_the_grid_armoury,
          minmay_the_grid_minigrid_large, minmay_the_grid_broken_lines,
          minmay_the_grid_prize_trominoes], uniq_crazy_yiuf_cottage,
          uniq_prince_ribbit1
Temple:   hellmonk_temple_beads

Skill      XL: |  1  2  3  4  5  6  7  8 |
---------------+-------------------------+-----
Dodging        | 3 4 |  4.0
Earth Magic    | 3 4 5 6 9 |  9.8
Conjurations   | 1 3 4 |  4.7
Fighting       | 2 4 |  4.8
Spellcasting   | 3 5 |  5.0
Stealth        | |  2.6
Transmutations | |  1.1

Action                     |  1- 3 |  4- 6 |  7- 9 || total
---------------------------+-------+-------+-------++-------
  Melee: Unarmed           |     2 |       |       ||     2
         Punch             |     1 |       |       ||     1
   Cast: Sandblast         |    62 |   131 |    64 ||   257
         Stone Arrow       |       |     2 |    53 ||    55
    Use: Scroll            |       |       |     3 ||     3
         Potion            |       |       |     3 ||     3
 Armour: Skin              |     3 |     1 |     2 ||     6
  Dodge: Dodged            |    12 |    55 |    29 ||    96
